 Dungeon Sprint DCSS version 0.30-a0-728-gc68057be0a (webtiles) character file.

Game seed: 16593676235101213563

58 rocky1 the Grasshopper (level 4, -8/66 HPs)
             Began as a Naga Warper on Feb 1, 2023.
             Was a Priest of Cheibriados.
             Shot with a bolt by an orc warrior (13 damage)
             ... in the Dungeon (Sprint VII: "The Pits").
             The game lasted 00:02:09 (925 turns).

rocky1 the Grasshopper (Naga Warper)                 Turns: 925, Time: 00:02:10

Health: -8/66      AC:  2    Str: 24    XL:     4   Next: 1%
Magic:  6/9        EV: 10    Int: 21    God:    Cheibriados [***...]
Gold:   0          SH:  0    Dex: 18    Spells: 6/10 levels left

rFire   . . .      SeeInvis +    m - +2 mace
rCold   . . .      Faith    .    (no shield)
rNeg    . . .      Spirit   .    b - +0 leather armour
rPois   +          Reflect  .    (no helmet)
rElec   .          Harm     .    (no cloak)
rCorr   .          Rampage  .    (no gloves)
Will    .....      NoTele   +    (no barding) Stlth
                                 (no amulet)
HPRegen 0.31/turn                (no ring)
MPRegen 0.11/turn                (no ring)

@: berserking (expiring), invisible, very slow
A: AC +1, large, see invisible, deformed body, poison resistance, slowness 2,
spit poison 1, naga tail 1
a: Spit Poison, Renounce Religion, Bend Time, Temporal Distortion


You were in the Dungeon.
You worshipped Cheibriados.
Cheibriados was most pleased with you.
You visited 1 branch

Inventory:

Hand Weapons
 a - a +0 mace
 m - a +2 mace (weapon)
Missiles
 d - 7 boomerangs of dispersal (quivered)
Armour
 b - a +0 leather armour (worn)
Scrolls
 c - 2 scrolls of blinking
 k - 5 scrolls of amnesia
 l - a scroll of butterflies
Potions
 e - 6 potions of curing
 f - 5 potions of heal wounds
 g - a potion of haste
 h - 4 potions of magic
 j - a potion of invisibility


   Skills:
 + Level 3.7 Fighting
 + Level 4.1 Maces & Flails
 - Level 0.8 Throwing
 - Level 0.7 Armour
 - Level 1.5 Dodging
 + Level 3.5 Spellcasting
 + Level 4.4 Translocations
 + Level 2.8 Invocations


You had 6 spell levels left.
You knew the following spells:

 Your Spells              Type           Power      Damage    Failure   Level
a - Blink                 Tloc           44%        N/A       3%          2
b - Lesser Beckoning      Tloc           44%        N/A       3%          2

Your spell library contained the following spells:

 Spells                   Type           Power      Damage    Failure   Level
 Teleport Other           Tloc           22%        N/A       7%          3
 Vhi's Electric Charge    Tloc/Air       26%        N/A       17%         3
 Manifold Assault         Tloc           22%        N/A       24%         4


Dungeon Overview and Level Annotations

Branches:
Dungeon (1/1)

Altars:
Ashenzari
Cheibriados
Dithmenos
Elyvilon
Fedhas
Gozag
Hepliaklqana
Kikubaaqudgha
Makhleb
Nemelex Xobeh
Okawaru
Qazlal
Ru
Sif Muna
Trog
Uskayaw
Vehumet
Wu Jian
Xom
Yredelemnul
Zin
The Shining One
Jiyva
Lugonu


Innate Abilities, Weirdness & Mutations

Your serpentine skin is tough. (AC +1)
You have supernaturally acute eyesight. (SInv)
Armour fits poorly on your strangely shaped body.
Your system is resistant to poisons. (rPois)
You cover ground very slowly.
You can spit poison.
You have a snake-like lower body.


Message History

You feel much better. The fire bat closely misses you. The fire bat misses you.
You fade into invisibility!
The fire bat closely misses you. x2
The orc warrior unwields a +0 battleaxe.
The orc warrior wields a +0 arbalest.
The orc warrior shoots a bolt.
The bolt closely misses Jessica.
The bolt closely misses the fire bat.
The bolt hits you!
Ouch! That really hurt!
A red film seems to cover your vision as you go berserk!
Cheibriados forces you to slow down.
You feel mighty!
The fire bat bites you but does no damage.
The fire bat bites you.
You are engulfed in flames.
You miss the fire bat. The fire bat barely misses you.
The orc warrior shoots a bolt.
The bolt hits Jessica!
Jessica dies!
You hit the fire bat.
The fire bat is moderately wounded.
The fire bat completely misses you. The fire bat bites you.
* * * LOW HITPOINT WARNING * * *
You are engulfed in flames!
* * * LOW HITPOINT WARNING * * *
The fire bat bites you but does no damage.
The orc warrior shoots a bolt.
The bolt hits the fire bat!
The fire bat dies!
Your Maces & Flails skill increases to level 4!
Your Spellcasting skill increases to level 3!
Your Translocations skill increases to level 4!
Your Invocations skill increases to level 2!
You have reached level 3!
Your experience leads to an increase in your attributes!
Your base attributes are Str 13, Int 13, Dex 10.
Increase (S)trength, (I)ntelligence, or (D)exterity?
You feel stronger. x2; Your skin feels tougher.
You have reached level 4!
You feel stronger.
The orc warrior shoots a bolt.
The bolt closely misses you.
The orc warrior shoots a bolt.
The bolt barely misses the adder.
The bolt hits you!
You die...

#'#####'#####.....
#.#...).#..##.....
#.#.....#))#####'#
#.###)###))##.....
#.#.....#))##.....
#.#.....#[[##.....
#.####'##'###...<.
#.#..รท.....##.....
#@#........##.....
#S###########.....
#o......# ######
#r...o..# #...#...#
#..## ..# #... .#
#... # #....


You could see an orc warrior (unable to see you), an adder (unable to see you)
and a quokka (wandering, unable to see you).

Vanquished Creatures
  2 ufetubi (D)
  A worm (D)
  An orc (D)
  An endoplasm (D)
  A ball python zombie (D)
  A frilled lizard (D)
  A kobold (D)
  A rat (D)
9 creatures vanquished.

Vanquished Creatures (others)
  A fire bat (D)
  Jessica (D)
2 creatures vanquished.

Grand Total: 11 creatures vanquished

Notes
Turn   | Place    | Note
-------+----------+-------------------------------------------
     0 | D        | rocky1 the Naga Warper began the quest for the Orb.
     0 | D        | Reached XP level 1. HP: 19/19 MP: 3/3
    21 | D        | Found a bloodstained altar of Trog.
    21 | D        | Found a shimmering blue altar of Sif Muna.
    21 | D        | Found a viscous altar of Jiyva.
    21 | D        | Found a hazy altar of Hepliaklqana.
    21 | D        | Found an opulent altar of Gozag.
    22 | D        | Found a glowing golden altar of the Shining One.
    22 | D        | Found a glowing silver altar of Zin.
    22 | D        | Found a basalt altar of Yredelemnul.
    22 | D        | Found a shimmering altar of Xom.
    22 | D        | Found an ornate altar of the Wu Jian Council.
    22 | D        | Found a sacrificial altar of Ru.
    22 | D        | Found a stormy altar of Qazlal.
    22 | D        | Found an iron altar of Okawaru.
    22 | D        | Found a sparkling altar of Nemelex Xobeh.
    22 | D        | Found a burning altar of Makhleb.
    22 | D        | Found a blossoming altar of Fedhas.
    22 | D        | Found a white marble altar of Elyvilon.
    22 | D        | Found a shadowy altar of Dithmenos.
    22 | D        | Found a snail-covered altar of Cheibriados.
    26 | D        | Found a corrupted altar of Lugonu.
    26 | D        | Found a radiant altar of Vehumet.
    27 | D        | Found a broken altar of Ashenzari.
    27 | D        | Found an ancient bone altar of Kikubaaqudgha.
    27 | D        | Found a hide-covered altar of Uskayaw.
    33 | D        | Became a worshipper of Cheibriados the Contemplative
    91 | D        | Reached * piety under Cheibriados
    92 | D        | Reached XP level 2. HP: 11/27 MP: 5/5
   502 | D        | Reached ** piety under Cheibriados
   708 | D        | Reached skill level 1 in Invocations
   710 | D        | Reached *** piety under Cheibriados
   874 | D        | Learned a level 2 spell: Blink
   877 | D        | Learned a level 2 spell: Lesser Beckoning
   917 | D        | Noticed a fire bat
   917 | D        | Noticed an orc warrior
   917 | D        | Noticed Jessica
   923 | D        | Killed Jessica
   924 | D        | HP: 2/42 [fire bat (9)]
   924 | D        | Killed a fire bat
   925 | D        | Reached XP level 3. HP: 3/36 MP: 6/8
   925 | D        | Reached XP level 4. HP: 4/44 MP: 6/9
   925 | D        | Shot with a bolt by an orc warrior

Illustrated notes

Levels and vault maps discovered:
D:        pitsprint [storerooms_1, entrance_room_1, metal_vault_1, armoury_1,
          mini_pit_1, grid_room_1, main_hall_1, silver_pit, the_coven_3,
          the_vestibule_1, steel_vault_4, golden_pit, hallway_of_sentries,
          crystal_vault_2, iron_vault_5, final_vault]

Skill      XL: |  1  2 |
---------------+-------+-----
Maces & Flails | 3 4 |  4.1
Invocations    | 2 |  2.8
Fighting       | 3 |  3.7
Spellcasting   | 3 |  3.5
Translocations | 4 |  4.4
Throwing       | |  0.8
Armour         | |  0.7
Dodging        | |  1.5

Action                     |  1- 3 |  4- 6 || total
---------------------------+-------+-------++-------
  Melee: Mace              |    25 |       ||    25
         Punch             |     1 |       ||     1
Ability: Spit Poison       |     2 |       ||     2
    Use: Potion            |     5 |       ||     5
 Armour: Leather armour    |     7 |       ||     7
  Dodge: Dodged            |    19 |     1 ||    20

Table legend: (Time is in decaauts)
 A = Elapsed time spent in this place.
 B = Non-inter-level travel time spent in this place.
 C = Inter-level travel time spent in this place.
 D = Time resting spent in this place.
 E = Time spent auto-exploring this place.
 F = Levels seen in this place.
 G = Mean time per level.
                   A        B        C        D        E       F      G
               +--------+--------+--------+--------+--------+-----+--------+
         Total |   1072 |   1072 |      0 |    754 |      0 |   1 | 1072.0 |
       Dungeon |   1072 |   1072 |      0 |    754 |      0 |   1 | 1072.0 |
               +--------+--------+--------+--------+--------+-----+--------+

Top non-repeatable levels by time:
       D: 1072 daAuts
